 Dungeon Crawl Stone Soup version 0.31.0-9-g3a7656b989 (webtiles) character file.

Game seed: 9054651139111195520

1664789 Xpym the Hoplite (level 25, 228/228 HPs)
             Began as an Armataur Hexslinger on Jan 24, 2024.
             Was the Champion of Okawaru.
             Escaped with the Orb
             ... and 3 runes!
             The game lasted 04:50:52 (67170 turns).

Xpym the Hoplite (Armataur Hexslinger)             Turns: 67170, Time: 04:50:52

Health: 228/228    AC: 51    Str: 25    XL:     25   Next: 53%
Magic:  37/37      EV:  3    Int: 15    God:    Okawaru [******]
Gold:   3877       SH: 26    Dex: 15    Spells: 19/26 levels left

rFire   + . .        w - +8 morningstar of Usausim {speed, rElec rPois rF+}
rCold   + . .        u - +2 tower shield
rNeg    + . .        c - +2 gold dragon scales
rPois   +            R - +2 helmet
rElec   +            v - +2 cloak {Will+}
rCorr   +            f - +0 pair of fencer's gloves {Riposte Dex+3}
SInv    +            E - +10 Black Knight's barding {ponderous, rPois rN+}
Will    +++..        r - amulet of regeneration Stlth
                     F - ring of protection from fire
HPRegen 1.38/turn    s - ring of Noon {^Drain rElec Will+ rCorr SInv, =R}
MPRegen 0.25/turn

%: random rage (3%), roll
@: studying 2 skills, slow
A: large, deformed body, tough skin 3, armoured tail, roll 2, iridescent scales
1, berserk 1, high MP 1, screaming 1, electricity resistance, heat vulnerability
2, subdued magic 1
0: Orb of Zot
}: 3/15 runes: decaying, silver, gossamer
a: Renounce Religion, Heroism, Finesse, Duel, Receive Weapon


You escaped.
You worshipped Okawaru.
Okawaru was exalted by your worship.
You visited 10 branches of the dungeon, and saw 48 of its levels.
You also visited: Ossuary, Gauntlet and Ice Cave.

You collected 6139 gold pieces.
You spent 2262 gold pieces at shops.


Innate Abilities, Weirdness & Mutations

Armour fits poorly on your strangely shaped body.
You have extremely tough skin. (AC +3)
You have a long armoured tail.
You regenerate magic and health when rolling toward enemies. (Rampage Regen)
You are partially covered in iridescent scales. (AC +2)
You sometimes lose your temper in combat.
You have an increased reservoir of magic. (+10% MP)
You occasionally shout uncontrollably at your foes.
You are resistant to electric shocks. (rElec)
You are very vulnerable to heat. (rF--)
Your spells are a little easier to cast, but a little less powerful.


   Skills:
 + Level 19.2 Fighting
 + Level 21.3 Maces & Flails
 - Level 1.3 Ranged Weapons
 + Level 13.5 Throwing
 + Level 20.8 Armour
 - Level 3.0 Dodging
 - Level 5.0 Stealth
 + Level 24.8 Shields
 - Level 1.0 Spellcasting
 - Level 6.0 Hexes
 - Level 9.0 Translocations
 - Level 0.8 Fire Magic
 - Level 15.0 Invocations
 - Level 5.0 Evocations


You had 19 spell levels left.
You knew the following spells:

 Your Spells              Type           Power      Damage    Failure   Level
l - Lesser Beckoning      Tloc           42%        N/A       12%         2
s - Slow                  Hex            56%        N/A       28%         1
B - Blink                 Tloc           42%        N/A       12%         2
X - Jinxbite              Hex            28%        N/A       41%         2

Your spell library contained the following spells:

 Spells                   Type           Power      Damage    Failure   Level
 Apportation              Tloc           42%        N/A       8%          1
 Gell's Gravitas          Tloc           21%        N/A       24%         3
 Teleport Other           Tloc           21%        N/A       24%         3
 Manifold Assault         Tloc           21%        N/A       63%         4
 Passage of Golubria      Tloc           21%        N/A       63%         4
 Confusing Touch          Hex            14%        N/A       65%         3
 Sigil of Binding         Hex            14%        N/A       65%         3
 Volatile Blastmotes      Fire/Tloc      22%        2d11      80%         3
 Ensorcelled Hibernation  Hex/Ice        14%        N/A       83%         2
 Dimensional Bullseye     Hex/Tloc       8%         N/A       85%         4
 Inner Flame              Hex/Fire       8%         N/A       95%         3
 Cause Fear               Hex            7%         N/A       96%         4
 Dazzling Flash           Conj/Hex       14%        N/A       97%         3
 Magic Dart               Conj           0%         1d3       98%         1
 Necrotise                Necr           0%         1d4       98%         1
 Sandblast                Erth           0%         2d4       98%         1
 Shock                    Conj/Air       0%         1d3       98%         1
 Sting                    Conj/Alch      0%         1d3       98%         1
 Scorch                   Fire           4%         2d5       98%         2
 Cigotuvi's Dreadful Rot  Necr/Alch/Air  0%         N/A       99%         2
 Mercury Vapours          Alch/Air       0%         N/A       99%         2
 Static Discharge         Conj/Air       0%         3-3/arc   99%         2
 Sublimation of Blood     Necr           0%         N/A       99%         2
 Fugue of the Fallen      Necr           0%         N/A       100%        3
 Mephitic Cloud           Conj/Alch/Air  0%         N/A       100%        3
 Ozocubu's Armour         Ice            0%         N/A       100%        3
 Passwall                 Erth           0%         N/A       100%        3
 Stone Arrow              Conj/Erth      0%         3d7       100%        3
 Swiftness                Air            0%         N/A       100%        3
 Vampiric Draining        Necr           0%         2d6       100%        3
 Airstrike                Air            0%         2d(0-16)  100%        4
 Anguish                  Hex/Necr       3%         N/A       100%        4
 Brom's Barrelling Bould  Conj/Erth      0%         2d3       100%        4
 Dispel Undead            Necr           0%         3d6       100%        4
 Flame Wave               Conj/Fire      1%         2d4       100%        4
 Ignite Poison            Fire/Alch      1%         N/A       100%        4
 Leda's Liquefaction      Alch/Erth      0%         N/A       100%        4
 Olgreb's Toxic Radiance  Alch           0%         N/A       100%        4
 Petrify                  Alch/Erth      0%         N/A       100%        4
 Sticky Flame             Fire/Alch      1%         2d4       100%        4
 Curse of Agony           Necr           0%         N/A       100%        5
 Fireball                 Conj/Fire      0%         3d3       100%        5
 Freezing Cloud           Conj/Ice/Air   0%         6-21      100%        5
 Irradiate                Conj/Alch      0%         3d11      100%        5
 Iskenderun's Battlesphe  Conj           0%         2d6       100%        5
 Lee's Rapid Deconstruct  Erth           0%         3d4*      100%        5
 Silence                  Hex/Air        3%         N/A       100%        5
 Yara's Violent Unravell  Hex/Alch       3%         3d4       100%        5
 Bombard                  Conj/Erth      0%         9d1       100%        6
 Conjure Ball Lightning   Conj/Air       0%         3x3d6     100%        6
 Dispersal                Tloc           10%        N/A       100%        6
 Starburst                Conj/Fire      0%         6d3       100%        6
 Orb of Destruction       Conj           0%         9d5       100%        7
 Ozocubu's Refrigeration  Ice            0%         4d7       100%        7
 Discord                  Hex            7%         N/A       100%        8
 Disjunction              Tloc           10%        N/A       100%        8
 Ignition                 Fire           1%         3d3       100%        8
 Lehudib's Crystal Spear  Conj/Erth      0%         10d2      100%        8
 Maxwell's Capacitive Co  Air            0%         ∞         100%        8
 Polar Vortex             Ice            0%         N/A       100%        9
 Tukima's Dance           Hex            Unusable   N/A       N/A         3
 Summon Small Mammal      Summ           Unusable   N/A       N/A         1
 Call Imp                 Summ           Unusable   N/A       N/A         2
 Martyr's Knell           Necr/Summ      Unusable   N/A       N/A         4
 Summon Blazeheart Golem  Fire/Summ      Unusable   N/A       N/A         4
 Summon Lightning Spire   Summ/Air       Unusable   N/A       N/A         4
 Summon Mana Viper        Hex/Summ       Unusable   N/A       N/A         5
 Death Channel            Necr           Unusable   N/A       N/A         6
 Sculpt Simulacrum        Ice/Alch       Unusable   N/A       N/A         6
 Summon Cactus Giant      Summ           Unusable   N/A       N/A         6
 Spellforged Servitor     Conj/Summ      Unusable   N/A       N/A         7
 Summon Hydra             Summ           Unusable   N/A       N/A         7

Inventory:

Hand Weapons
 a - a +9 vampiric eveningstar
 b - a +6 antimagic morningstar
 w - the +8 morningstar of Usausim (weapon) {speed, rElec rPois rF+}
   (You acquired it on level 3 of the Depths)

   rF+:       It protects you from fire.
   rElec:     It insulates you from electricity.
   rPois:     It protects you from poison
Missiles
 t - 29 boomerangs (quivered)
 y - 16 silver javelins
 G - 6 throwing nets {=f}
 P - 28 javelins
 W - 15 curare-tipped darts {@f1 =f}
Armour
 c - +2 gold dragon scales (worn)
 f - the +0 pair of fencer's gloves (worn) {Riposte Dex+3}
   (You took it off Nikola on level 3 of the Swamp)

   Riposte:   It allows the wearer to riposte with melee weapons, swiftly
   retaliating against missed or blocked melee attacks.
   Dex+3:     It affects your dexterity (+3).
 u - a +2 tower shield (worn)
 v - a +2 cloak of willpower (worn)
 E - the +10 Black Knight's barding (worn) {ponderous, rPois rN+}
   (Okawaru gifted it to you on level 3 of the Lair of Beasts)

   rPois:     It protects you from poison rN+: It protects you from negative
   energy.
 R - a +2 helmet (worn)
Jewellery
 r - an amulet of regeneration (around neck)
 s - the ring of Noon (right hand) {^Drain rElec Will+ rCorr SInv, =R}
   (You took it off a deep elf knight on level 3 of the Elven Halls)

   [ring of see invisible]

   rElec:     It insulates you from electricity.
   Will+:     It increases your willpower.
   SInv:      It lets you see invisible.
   rCorr:     It protects you from acid and corrosion.
   ^Drain:    It drains your maximum health when unequipped.
 F - a ring of protection from fire (left hand)
 I - the ring of Spring {rPois rC+ SInv, =R}
   (You found it on level 1 of the Swamp)

   [ring of see invisible]

   rC+:       It protects you from cold.
   rPois:     It protects you from poison SInv: It lets you see invisible.
 L - a ring of flight
 Q - the ring "Itow Sist" {Fire Will+ Str+3 Int-2 Dex+3}
   (You took it off an ironbound convoker on level 5 of the Vaults)

   [ring of fire]

   Fire:      It enhances your fire magic.
   Str+3:     It affects your strength (+3).
   Int-2:     It affects your intelligence (-2).
   Dex+3:     It affects your dexterity (+3).
   rF+:       It protects you from fire.
   rC-:       It makes you vulnerable to cold.
   Will+:     It increases your willpower.
 S - a +6 ring of strength
 Z - the ring of the Fortune-Teller {rN+ Will+ SInv Stlth+}
   (You took it off a deep elf high priest on level 5 of the Vaults)

   [ring of see invisible]

   rN+:       It protects you from negative energy.
   Will+:     It increases your willpower.
   SInv:      It lets you see invisible.
   Stlth+:    It makes you more stealthy.
Wands
 d - a wand of mindburst (6)
 m - a wand of light (66)
 D - a wand of roots (55)
 K - a wand of digging (18)
Scrolls
 e - 11 scrolls of teleportation {@r2}
 h - 9 scrolls of fog
 k - 4 scrolls of vulnerability
 l - 11 scrolls of poison
 o - 5 scrolls of immolation
 C - 5 scrolls of blinking
 J - a scroll of revelation
 O - 9 scrolls of fear
Potions
 g - 5 potions of lignification
 i - 5 potions of enlightenment
 j - 25 potions of curing {@q1}
 p - 10 potions of might
 q - 6 potions of magic
 x - 12 potions of heal wounds {@q2}
 z - 5 potions of ambrosia
 A - 5 potions of attraction
 B - 6 potions of invisibility
 H - 4 potions of haste {@q3}
 M - 2 potions of cancellation
 X - 4 potions of resistance
 Y - 3 potions of berserk rage {!q}
Miscellaneous
 T - a phial of floods
 U - a lightning rod (4/4)
 V - a tin of tremorstones (2/2)

Dungeon Overview and Level Annotations

Branches:
Dungeon (15/15)            Temple (1/1) D:4            Lair (5/5) D:9
  Swamp (4/4) Lair:2       Spider (4/4) Lair:3        Slime (0/5) Lair:4
    Orc (2/2) D:9             Elf (3/3) Orc:2        Vaults (5/5) D:14
  Crypt (0/3) Vaults:3     Depths (4/4) D:15            Zot (5/5) Depths:4
Ossuary (visited)           IceCv (visited)         Gauntlet (visited)

Altars:
Ashenzari
Cheibriados
Dithmenos
Elyvilon
Fedhas
Gozag
Hepliaklqana
Kikubaaqudgha
Makhleb
Nemelex Xobeh
Okawaru
Qazlal
Ru
Sif Muna
Trog
Uskayaw
Vehumet
Wu Jian
Xom
Yredelemnul
Zin
The Shining One
Jiyva
Lugonu

Shops:
D:11 (   D:12 :   Orc:2 [?:[=   Vaults:1 (   Vaults:5 [   Depths:4 =:=

Portals:
Hell: Depths:1 Depths:2 Depths:3 Depths:4
Abyss: Lair:5 Depths:2 Depths:3 Depths:4
Pandemonium: Depths:2 Depths:4
Ziggurat: Depths:2

Annotations:
Spider:2 need relec

........#########...##.#######
.............................#
.........#######.##..(......##
.........#######+#####.####.#
...........#.........#.# #.#
......##.#.#.........#.## #.#
.........#.#..⌠...⌠..#..###.#
###
.......#.#.#.........#...##.#
#..
####.#.#.#.'....@....'.#.##.#
#.# #.#.###.#.........#...##.#
#.#
#.#.....#..⌠...⌠..##.....###.#
#.....#.#.........##.##....#.#
#####.#.#.........##.........#
#.#######'##########.#..>#
#.......#..........#.#####
#.#####.#............#
#############.##########.###


There were no monsters in sight!


Message History

You miss the golden eye. The golden eye blinks at you.
You resist with almost no effort.
You closely miss the golden eye.
Your tail-slap misses the golden eye.
You puncture the golden eye!
You kill the golden eye!
Okawaru accepts your kill.
No target in view!
No target in view!
No target in view!
There is an open door here.
There is an open door here.
There is a stone staircase leading up here.
You climb upwards.
There is a stone staircase leading down here.
There is a stone staircase leading up here.
You climb upwards.
There is a stone staircase leading down here.
You see here a +0 mace.
You see here a +0 dagger.
There is a stone staircase leading up here.
You climb upwards.
There is a stone staircase leading down here.
There is a stone staircase leading up here.
You climb upwards.
There is a stone staircase leading down here.
You open the door.
There is an open door here.
There is a staircase leading out of the dungeon here.
You have escaped!

Skill      XL: |  1  2  3  4  5  6  7  8  9 10 11 12 13 14 15 16 17 18 19 20 21 22 23 24 25 |
---------------+----------------------------------------------------------------------------+-----
Fighting       | 1 2 3 4 5 7 8 10 11 12 13 14 15 16 17 18 19 | 19.2
Armour         | 1 2 3 4 5 6 7 8 9 11 13 14 16 17 18 20 | 20.8
Hexes          | 3 4 5 6 |  6.0
Maces & Flails | 1 2 3 4 6 7 8 10 11 13 15 16 17 18 19 20 21 | 21.3
Translocations | 1 3 4 5 6 9 |  9.0
Invocations    | 1 2 4 5 6 7 8 10 11 12 14 15 | 15.0
Throwing       | 2 3 4 5 7 9 12 13 | 13.5
Dodging        | 2 3 |  3.0
Stealth        | 3 5 |  5.0
Shields        | 2 5 11 16 17 19 21 22 23 24 | 24.8
Evocations     | 4 5 |  5.0
Ranged Weapons | |  1.3
Spellcasting   | |  1.0
Fire Magic     | |  0.8

Action                     |  1- 3 |  4- 6 |  7- 9 | 10-12 | 13-15 | 16-18 | 19-21 | 22-24 | 25-27 || total
---------------------------+-------+-------+-------+-------+-------+-------+-------+-------+-------++-------
  Melee: Morningstar       |    22 |    75 |    72 |   462 |  1184 |   239 |    26 |   226 |   171 ||  2477
         Mace              |     5 |       |       |       |       |       |       |       |       ||     5
         Tailslap          |     2 |    15 |    56 |   115 |   168 |   360 |   489 |   590 |   114 ||  1909
         Punch             |     1 |       |    10 |    18 |    10 |       |       |       |       ||    39
         Flail             |       |    52 |   337 |   254 |       |       |       |       |       ||   643
         Eveningstar       |       |       |       |       |       |  1378 |  2186 |  2032 |   203 ||  5799
         Staff             |       |       |       |       |       |    13 |       |       |       ||    13
   Fire: Sling             |   135 |    41 |     6 |       |       |       |       |       |       ||   182
  Throw: Dart              |       |       |     6 |    27 |    48 |     3 |       |     1 |       ||    85
         Boomerang         |       |       |       |    15 |   101 |    93 |    47 |    37 |    10 ||   303
         Javelin           |       |       |       |     1 |    47 |    22 |    12 |    68 |     7 ||   157
   Cast: Jinxbite          |     1 |       |       |    43 |    40 |       |       |       |       ||    84
         Blink             |       |       |       |       |     1 |     3 |     2 |     1 |       ||     7
 Invoke: Heroism           |       |       |     4 |     5 |    10 |     5 |     4 |     3 |       ||    31
         Finesse           |       |       |     1 |     3 |     2 |     4 |     1 |     2 |       ||    13
         Receive Armour    |       |       |       |     1 |       |       |       |       |       ||     1
         Duel              |       |       |       |       |       |     3 |       |     2 |       ||     5
  Evoke: Wand              |       |       |       |       |       |       |       |     4 |     1 ||     5
    Use: Scroll            |       |     5 |     6 |    15 |     4 |     8 |     7 |    27 |     1 ||    73
         Potion            |       |     2 |     2 |     3 |     3 |       |       |    13 |     3 ||    26
   Stab: Sleeping          |       |       |       |     2 |     8 |    12 |       |       |       ||    22
         Distracted        |       |       |       |       |     2 |     1 |     1 |     2 |     1 ||     7
         Petrified         |       |       |       |       |     4 |       |       |       |       ||     4
 Armour: Ring mail         |    48 |       |       |   583 |   584 |   373 |       |       |       ||  1588
         Chain mail        |    24 |   125 |   320 |    23 |       |       |       |       |       ||   492
         Robe              |    10 |       |       |       |    94 |       |       |       |       ||   104
         Acid dragon scale |       |       |       |     4 |     4 |       |       |       |       ||     8
         Leather armour    |       |       |       |       |   309 |   332 |       |       |       ||   641
         Plate armour      |       |       |       |       |       |   482 |  1193 |       |       ||  1675
         Storm dragon scal |       |       |       |       |       |       |    26 |   759 |       ||   785
         Gold dragon scale |       |       |       |       |       |       |       |   760 |   195 ||   955
  Dodge: Dodged            |    52 |    40 |   148 |   230 |   236 |   257 |   170 |   146 |    13 ||  1292
  Block: Other             |       |       |     8 |   120 |    62 |       |       |       |       ||   190
         Reflection        |       |       |       |     3 |    15 |    37 |    41 |       |       ||    96
         Buckler           |       |       |       |       |   307 |       |       |       |       ||   307
         Kite shield       |       |       |       |       |    31 |  1191 |       |       |       ||  1222
         Tower shield      |       |       |       |       |       |   178 |  2027 |  1917 |   286 ||  4408
Riposte: Eveningstar       |       |       |       |       |       |       |       |   302 |    53 ||   355
         Morningstar       |       |       |       |       |       |       |       |    21 |    29 ||    50
         Unarmed           |       |       |       |       |       |       |       |       |     1 ||     1

Levels and vault maps discovered:
D:1:      mushboom_english_gardens, layout_basic
D:2:      minmay_general_purpose_star, layout_loops_ring
D:3:      layout_loops_ring, uniq_robin
D:4:      layout_layer_cave, nicolae_overflow_crystal_walls,
          minmay_temple_entry_sparse_star, st_stairs_13, minmay_crossroads,
          uniq_pikel, uniq_natasha, uniq_menkaure
D:5:      layout_gridville
D:6:      minmay_chambers_of_threes, layout_gridville, enter_ossuary_2,
          nicolae_letterblocks [nicolae_letter_subblock,
          nicolae_letter_subblock, nicolae_letter_subblock,
          nicolae_letter_subblock, nicolae_letter_subblock,
          nicolae_letter_subblock, nicolae_letter_subblock,
          nicolae_letter_subblock, nicolae_letter_subblock,
          nicolae_letter_subblock, nicolae_letter_subblock,
          nicolae_letter_subblock, nicolae_letter_subblock,
          nicolae_letter_subblock, nicolae_letter_subblock,
          nicolae_letter_subblock, nicolae_letter_subblock,
          nicolae_letter_subblock, nicolae_letter_subblock,
          nicolae_letter_subblock, nicolae_letter_subblock,
          nicolae_letter_subblock, nicolae_letter_subblock,
          nicolae_letter_subblock, nicolae_letter_subblock]
D:7:      layout_basic
D:8:      layout_basic, hellmonk_ghost_happy_afterlife, uniq_joseph,
          uniq_jeremiah, uniq_psyche, uniq_grum
D:9:      layout_gridville, nicolae_elyvilon_temple_path,
          hellmonk_lair_entry_icy, kennysheep_orc_monster_closet_entryway,
          statue_in_the_mist_lemuel
D:10:     layout_gridville
D:11:     layout_small_grid, gauntlet_entry_generic, serial_shops, shop,
          introduction_to_nature_2, uniq_erolcha, uniq_erica
D:12:     layout_big_octagon, nicolae_shop_i_like_small_books_too
D:13:     layout_loops_corners, chequers_avenue
D:14:     layout_loops_ring, hangedman_vaults_entry_quadrant_bands,
          tso_metal_star, ebering_ghost_disaster_area
D:15:     hangedman_depths_entry_try_elsewhere_first, layout_irregular_city,
          serial_park_square1 [serial_park_minivault_5x5_3]
Temple:   nicolae_temple_bog_church
Lair:1:   layout_roguey, portal_ice_cave_entry_imps, beast_lair_carwin_4
Lair:2:   layout_long_grid, alex1729_swamp_entry_worm_eleionoma,
          grunt_megastairs_2, infiniplex_staircase_pool, serial_bayou_shore_a
Lair:3:   layout_layer_cave, spider_nest_entry_web_field,
          minmay_lair_oklob_items
Lair:4:   layout_roguey, slime_entry_1
Lair:5:   hellmonk_lair_end_abyssal_woods, layout_regular_city,
          infiniplex_staircase_pool_2
Swamp:1:  layout_basic_swamp, gammafunk_ghost_arena,
          nicolae_swamp_trees_clearing, uniq_frances
Swamp:2:  layout_basic_swamp, serial_swamp_ruin, hangedman_swamp_ruin_hall,
          evilmike_swamp_ruin_house_5, evilmike_swamp_ruin_house_6,
          swamp_pool_1_2, lemuel_altar_in_water
Swamp:3:  layout_basic_swamp, ebering_ghost_reflecting_pool,
          evilmike_swamp_ruin_house_1, uniq_nikola
Swamp:4:  swamp_icy, layout_basic_swamp, swamp_pool_5
Spider:1: layout_spider_delve, hangedman_spider_tarantella_strand, uniq_asterion
Spider:2: layout_cave_pods, gammafunk_ghost_arena
Spider:3: layout_spider_delve, hangedman_stitches_earthworm
Spider:4: grunt_spider_rune_parallel
Orc:1:    layout_caves, uniq_urug
Orc:2:    kennysheep_orc_mage_school, layout_caves, basic_altar, serial_shops,
          nicolae_shop_statue_plus
Elf:1:    eino_elf_arrival_altar, layout_loops_ring,
          kennysheep_underground_church, pf_eden
Elf:2:    elven_hall_of_blades_hangedman_original
          [nicolae_blade_entry_floor_patterns], layout_gridlike,
          dreamdust_princess_corridor, nicolae_elf_w_pinch, uniq_donald
Elf:3:    elf_hall_gauntlet_wide, layout_geoelf_octagon, basic_altar,
          uniq_louise, uniq_bai_suzhen
Vaults:1: nicolae_vaults_puzzle_piece, nicolae_vaults_turnstiles,
          nicolae_vaults_trapezoid_3, nicolae_vaults_double_plus_3,
          nicolae_vaults_swerve, st_cells,
          nicolae_vaults_taking_the_gang_shopping, v_misc_22,
          nicolae_vaults_puzzle_piece, ontoclasm_vaults_gateway,
          nicolae_vaults_network_quinsquares
          [nicolae_vaults_network_quincunx_subvault,
          nicolae_vaults_network_quincunx_subvault,
          nicolae_vaults_network_quincunx_subvault,
          nicolae_vaults_network_quincunx_subvault], vaults_dpeg_cross,
          vaults_standard_mumra_x, layout_vaults_big_cross, uniq_aizul
Vaults:2: nicolae_vaults_double_plus_2, nicolae_vaults_prndl,
          hangedman_vaults_stretched_pinwheel, hangedman_vaults_trim,
          nicolae_vaults_twisting_passages,
          nicolae_vaults_antechamber_and_loot_room, vaults_room_fours,
          nicolae_vaults_six-pack, ontoclasm_vaults_tryst,
          nicolae_vaults_house_3, v_pattern_3, nicolae_vaults_tetromino_Z_1,
          vaults_dpeg_diagonal, nicolae_vaults_circle_grid_a,
          nicolae_vaults_wrenched, hangedman_vaults_stretched_pinwheel,
          layout_vaults_omnibox
Vaults:3: hangedman_vaults_cutoff, hangedman_vaults_restitches,
          minmay_crypt_entry_simple_round, v_misc_8,
          nicolae_vaults_trapezoid_lopsided_1, nicolae_vaults_house_1,
          ontoclasm_vaults_claustrophobia, nicolae_vaults_trapezoid_1,
          nicolae_vaults_six-pack, grunt_vaults_hallway_short,
          layout_vaults_omnigrid, uniq_saint_roka
Vaults:4: vaults_mumra_minichess_inversion, hangedman_vaults_capsules,
          vaults_room_fancy_cross, nicolae_vaults_three_branches,
          hangedman_vaults_nails, v_misc_10, nicolae_vaults_storage_closets_1,
          ontoclasm_vaults_pinch, grunt_vaults_hallway_short,
          nicolae_vaults_double_plus_1, vaults_room_stairs_pillars,
          layout_vaults_ring
Vaults:5
Depths:1: layout_gridlike, nicolae_hepliaklqana_hazy_memory,
          grunt_hell_entry_dis_mu, evilmike_ambush [evilmike_ambush_outer_basic,
          evilmike_ambush_inner_basic], serial_bayou_shore_b, uniq_norris,
          uniq_enchantress
Depths:2: nzn_winding_woodlands_small [nzn_winding_woodlands_5x15_jagged,
          nzn_winding_woodlands_center_lodge, nzn_winding_woodlands_5x15_cabin],
          layout_basic, enter_ziggurat_e, pan_entry,
          hangedman_abyss_entry_splay, hell_entry,
          serial_sigils_hangedman_carve, kennysheep_two_boxes
Depths:3: minmay_split_circle, layout_gridlike, hell_entry,
          serial_co_window_serial, co_window_corner_a, co_window_paths_b,
          co_window_paths_a, co_window_corner_a, co_window_corner_a,
          co_window_broadway_b, co_window_cross_3, co_window_corner_ca,
          co_window_4corner_a, glass_columns_c, minmay_room_of_horrors
Depths:4: lemuel_castle_with_subvaults [lemuel_castle_interior_carwin_2],
          layout_gridlike, nemelex_lonely_heart_becter, rand_demon_pan_entry_5,
          abyss_entry, hell_entry, serial_library_hellmonk_statue_hall,
          minmay_shop_grove
Zot:1:    layout_misc_corridors, regret_index_zotdec_silver_v_v_loose
Zot:2:    infiniplex_zot_generator, layout_twisted_circle
Zot:3:    layout_onion, gammafunk_ghost_tricky_traps, lemuel_baited_zot_trap
Zot:4:    layout_concentric_octagons
Zot:5:    layout_basic, nicolae_zot_crop_circle

Notes
Turn   | Place    | Note
-------+----------+-------------------------------------------
     0 | D:1      | Xpym the Armataur Hexslinger began the quest for the Orb.
     0 | D:1      | Reached XP level 1. HP: 15/15 MP: 2/2
    52 | D:1      | Reached skill level 1 in Fighting
   190 | D:1      | Reached skill level 1 in Armour
   203 | D:1      | Reached XP level 2. HP: 23/23 MP: 3/3
   330 | D:1      | Reached skill level 2 in Armour
   504 | D:1      | Reached skill level 2 in Fighting
   555 | D:1      | Reached XP level 3. HP: 29/29 MP: 4/4
   841 | D:1      | Learned a level 2 spell: Jinxbite
  1125 | D:2      | Identified the +2 chain mail of the Mackerel {Str+2}
  1871 | D:2      | Reached skill level 3 in Hexes
  1871 | D:2      | Reached XP level 4. HP: 36/36 MP: 5/5
  1904 | D:3      | Reached skill level 1 in Maces & Flails
  2086 | D:3      | Noticed Robin
  2098 | D:3      | Reached skill level 3 in Armour
  2101 | D:3      | Killed Robin
  2280 | D:3      | Reached XP level 5. HP: 41/41 MP: 6/6
  2448 | D:3      | Learned a level 2 spell: Blink
  2830 | D:4      | Reached skill level 2 in Maces & Flails
  2834 | D:4      | Noticed Natasha
  2840 | D:4      | Killed Natasha
  3103 | D:4      | Noticed a lemure
  3103 | D:4      | Noticed a lemure
  3181 | D:4      | Found a radiant altar of Vehumet.
  3214 | D:4      | Reached skill level 1 in Translocations
  3214 | D:4      | Reached XP level 6. HP: 47/48 MP: 7/7
  3264 | D:4      | Found a staircase to the Ecumenical Temple.
  3267 | D:4      | Noticed Menkaure
  3273 | D:4      | Noticed Natasha
  3280 | D:4      | Killed Natasha
  3302 | Temple   | Entered the Ecumenical Temple
  3320 | Temple   | Became a worshipper of Warmaster Okawaru
  3540 | D:4      | Noticed Natasha
  3549 | D:4      | Killed Natasha
  3550 | D:4      | Reached skill level 4 in Armour
  3832 | D:5      | Entered Level 5 of the Dungeon
  4034 | D:4      | Reached skill level 3 in Maces & Flails
  4034 | D:4      | Reached skill level 4 in Hexes
  4034 | D:4      | Reached skill level 1 in Invocations
  4098 | D:5      | Gained mutation: You regenerate magic and health when
                  | rolling toward enemies. (Rampage Regen) [Armataur growth]
  4098 | D:5      | Reached XP level 7. HP: 48/55 MP: 8/8
  4148 | D:5      | Reached * piety under Okawaru
  4149 | D:5      | Reached skill level 2 in Translocations
  4307 | D:5      | Reached skill level 4 in Maces & Flails
  4307 | D:5      | Reached skill level 2 in Invocations
  4658 | D:6      | Reached skill level 5 in Armour
  4673 | D:6      | Reached skill level 3 in Translocations
  4675 | D:6      | Reached ** piety under Okawaru
  4682 | D:6      | Reached XP level 8. HP: 47/61 MP: 8/10
  4721 | D:6      | Reached skill level 5 in Maces & Flails
  4721 | D:6      | Reached skill level 3 in Invocations
  5064 | D:6      | Found a sand-covered staircase.
  5069 | Ossuary  | Entered an ossuary
  5094 | Ossuary  | Reached skill level 6 in Armour
  5182 | Ossuary  | Reached skill level 4 in Translocations
  5272 | Ossuary  | Reached skill level 6 in Maces & Flails
  5304 | Ossuary  | Reached skill level 4 in Invocations
  5326 | Ossuary  | Reached *** piety under Okawaru
  5327 | Ossuary  | Reached XP level 9. HP: 53/67 MP: 12/12
  5786 | D:5      | Learned a level 1 spell: Slow
  5929 | D:6      | Reached skill level 7 in Armour
  6405 | D:6      | Reached skill level 1 in Throwing
  6405 | D:6      | Reached skill level 5 in Translocations
  6519 | D:7      | Reached skill level 7 in Maces & Flails
  6727 | D:7      | Reached skill level 5 in Invocations
  6734 | D:7      | Reached skill level 3 in Fighting
  6735 | D:7      | Reached **** piety under Okawaru
  6736 | D:7      | Reached skill level 2 in Throwing
  7344 | D:8      | Found a runed translucent door.
  7354 | D:8      | Noticed zkyp's ghost (novice BaBe)
  7381 | D:8      | Noticed Grum
  7399 | D:8      | Killed Grum
  7424 | D:8      | Reached XP level 10. HP: 74/77 MP: 13/13
  7459 | D:8      | Noticed Jeremiah
  7469 | D:8      | Killed Jeremiah
  7509 | D:8      | Noticed Joseph
  7529 | D:8      | Killed Joseph
  7530 | D:8      | Reached skill level 8 in Maces & Flails
  7530 | D:8      | Reached skill level 8 in Armour
  7571 | D:8      | Reached skill level 3 in Throwing
  7599 | D:8      | Noticed Psyche
  7606 | D:8      | Killed Psyche
  7801 | D:8      | Reached skill level 4 in Fighting
  7941 | D:8      | Noticed a two-headed ogre
  8597 | D:9      | Reached skill level 2 in Dodging
  8671 | D:9      | Identified the +1 spear of Viedoopal {heavy, Int+4}
  8806 | D:9      | Reached skill level 6 in Invocations
  8903 | D:9      | Found a staircase to the Lair.
  9100 | Lair:1   | Entered Level 1 of the Lair of Beasts
  9131 | Lair:1   | Reached ***** piety under Okawaru
  9133 | Lair:1   | Reached XP level 11. HP: 34/85 MP: 15/15
  9482 | Lair:1   | Reached skill level 9 in Maces & Flails
  9496 | Lair:1   | Found a frozen archway.
  9533 | Lair:1   | Reached skill level 6 in Translocations
  9569 | IceCv    | Entered an ice cave
  9569 | IceCv    | Noticed a white ugly thing
  9581 | IceCv    | Killed a white ugly thing
  9586 | IceCv    | Reached skill level 9 in Armour
  9589 | IceCv    | Found a transporter.
  9599 | IceCv    | Found a transporter.
  9617 | IceCv    | Reached skill level 5 in Hexes
  9658 | IceCv    | Reached skill level 5 in Fighting
 10208 | Lair:1   | Identified a potion of resistance
 10210 | Lair:1   | Gained mutation: You sometimes lose your temper in combat.
                  | [potion of mutation]
 10211 | Lair:1   | Lost mutation: You sometimes lose your temper in combat.
                  | [potion of mutation]
 10211 | Lair:1   | Gained mutation: Your muscles are strong. (Str +4, Int/Dex
                  | -1) [potion of mutation]
 10211 | Lair:1   | Gained mutation: You occasionally lose the ability to drink
                  | potions when taking damage. [potion of mutation]
 10211 | Lair:1   | Gained mutation: You sometimes lose your temper in combat.
                  | [potion of mutation]
 10281 | Lair:1   | Reached skill level 3 in Dodging
 10335 | Lair:1   | Noticed a boulder beetle
 10346 | Lair:1   | Killed a boulder beetle
 10347 | Lair:1   | Reached skill level 1 in Stealth
 10461 | Lair:1   | Received a gift from Okawaru
 10524 | Lair:1   | Reached skill level 2 in Stealth
 10548 | Lair:1   | Reached skill level 7 in Invocations
 11658 | Lair:2   | Reached skill level 10 in Maces & Flails
 11799 | Lair:2   | Reached skill level 4 in Throwing
 11799 | Lair:2   | Reached skill level 3 in Stealth
 11847 | Lair:2   | Reached XP level 12. HP: 95/95 MP: 17/17
 11910 | Lair:2   | Received a gift from Okawaru
 12075 | Lair:2   | Found a staircase to the Swamp.
 12075 | Lair:2   | Noticed an eleionoma
 12394 | Lair:2   | Reached skill level 6 in Hexes
 12654 | Lair:3   | Found a hole to the Spider Nest.
 12779 | Lair:3   | Reached skill level 6 in Fighting
 12788 | Lair:3   | Reached skill level 4 in Stealth
 13083 | Lair:3   | Noticed a catoblepas
 13097 | Lair:3   | Killed a catoblepas
 13097 | Lair:3   | Reached ****** piety under Okawaru
 13118 | Lair:3   | Acquired the +10 Black Knight's barding {ponderous, rPois
                  | rN+}
 13118 | Lair:3   | Received a gift from Okawaru
 13118 | Lair:3   | Found the +10 Black Knight's barding {ponderous, rPois rN+}
 13215 | Lair:3   | Found the +3 salamander hide armour {Flames, rFlCloud rF++
                  | rC--}
 13558 | Lair:3   | Reached skill level 5 in Throwing
 13601 | Lair:3   | Reached skill level 5 in Stealth
 13601 | Lair:3   | Reached skill level 8 in Invocations
 13603 | Lair:3   | Reached skill level 11 in Maces & Flails
 13609 | Lair:3   | Received a gift from Okawaru
 14465 | Lair:4   | Reached skill level 7 in Fighting
 14666 | Lair:4   | Found a viscous altar of Jiyva.
 14666 | Lair:4   | Found a staircase to the Slime Pits.
 14737 | Lair:4   | Received a gift from Okawaru
 14751 | Lair:4   | Reached XP level 13. HP: 105/105 MP: 19/19
 14910 | Lair:4   | Reached skill level 12 in Maces & Flails
 14959 | Lair:4   | Reached skill level 9 in Invocations
 15396 | Lair:5   | Entered Level 5 of the Lair of Beasts
 15529 | Lair:5   | Received a gift from Okawaru
 15694 | Lair:5   | Reached skill level 8 in Fighting
 16596 | Lair:5   | Received a gift from Okawaru
 16601 | Lair:5   | Reached skill level 13 in Maces & Flails
 17559 | D:4      | Killed Menkaure
 17669 | D:4      | Noticed Pikel
 17675 | D:4      | Killed Pikel
 17676 | D:4      | Reached skill level 10 in Invocations
 17713 | D:4      | You fall into a shaft and drop 3 floors!
 18276 | D:8      | Killed zkyp's ghost
 18870 | D:10     | Entered Level 10 of the Dungeon
 18991 | D:9      | Found a staircase to the Orcish Mines.
 19085 | Orc:1    | Entered Level 1 of the Orcish Mines
 19116 | Orc:1    | Reached skill level 1 in Shields
 19191 | Orc:1    | Received a gift from Okawaru
 19358 | Orc:1    | Noticed Urug
 19373 | Orc:1    | Killed Urug
 19374 | Orc:1    | Reached skill level 2 in Shields
 19608 | Orc:2    | Entered Level 2 of the Orcish Mines
 19646 | Orc:2    | Paralysed by an orc sorcerer for 3 turns
 19885 | Orc:2    | Found Heeperph's Antique Armour Shoppe.
 20134 | Orc:1    | Reached XP level 14. HP: 116/116 MP: 21/21
 20426 | Orc:2    | Reached skill level 3 in Shields
 20550 | Orc:2    | Found a staircase to the Elven Halls.
 20870 | Orc:2    | Reached skill level 9 in Fighting
 20879 | Orc:2    | Found Teophuyj's Book Emporium.
 20927 | Orc:2    | Found a radiant altar of Vehumet.
 20927 | Orc:2    | Identified a +1 robe of resistance
 20948 | Orc:2    | Reached skill level 4 in Shields
 21008 | Orc:2    | Found Iwyipin's Antique Armour Emporium.
 21214 | Orc:2    | Found an ancient bone altar of Kikubaaqudgha.
 21283 | Orc:2    | Found Efiosk's Jewellery Shoppe.
 21348 | Orc:2    | Found Saodghab's Magic Scroll Shoppe.
 21440 | Orc:2    | Bought a steaming chain mail for 332 gold pieces
 21440 | Orc:2    | Identified the +3 chain mail of Hepliaklqana's Reproof
                  | {Regen+ Int-5 Slay+2} (You bought it in a shop on level 2
                  | of the Orcish Mines)
 21440 | Orc:2    | Bought a faintly glowing ring mail for 315 gold pieces
 21440 | Orc:2    | Identified the +3 ring mail of Noughts and Crosses {rN+
                  | Will+} (You bought it in a shop on level 2 of the Orcish
                  | Mines)
 21475 | Orc:2    | Bought a scroll of fog for 52 gold pieces
 21475 | Orc:2    | Bought a scroll of revelation for 97 gold pieces
 21475 | Orc:2    | Bought a scroll of enchant weapon for 97 gold pieces
 21475 | Orc:2    | Bought a scroll of fog for 52 gold pieces
 21498 | Orc:2    | Bought a runed chain mail for 277 gold pieces
 21498 | Orc:2    | Bought a glowing ring mail for 259 gold pieces
 21589 | Orc:2    | Bought a cloak for 157 gold pieces
 21799 | D:9      | Identified a +2 robe of resistance
 21811 | D:9      | Received a gift from Okawaru
 21938 | D:9      | Found a white marble altar of Elyvilon.
 22018 | D:9      | Reached skill level 14 in Maces & Flails
 22018 | D:9      | Reached skill level 5 in Shields
 22497 | D:10     | Got Vobad's Information on Misery and Fulmination
 23040 | D:11     | Reached skill level 1 in Evocations
 23127 | D:11     | Found a gate leading to a gauntlet.
 23127 | D:11     | Noticed Erica
 23151 | D:11     | Killed Erica
 23173 | Gauntlet | Entered a Gauntlet
 23173 | Gauntlet | Found a runed translucent door.
 23173 | Gauntlet | Found a transporter.
 23173 | Gauntlet | Found a runed translucent door.
 23173 | Gauntlet | Found a runed translucent door.
 23173 | Gauntlet | Found a transporter.
 23207 | Gauntlet | Found a transporter.
 23211 | Gauntlet | Found a transporter.
 23219 | Gauntlet | Found a transporter.
 23223 | Gauntlet | Found a transporter.
 23239 | Gauntlet | Found a transporter.
 23239 | Gauntlet | Found the +2 hat of the Bear Spirit {Spirit, Bear, *Rage
                  | Will++}
 23248 | Gauntlet | Found a transporter.
 23266 | Gauntlet | Found a transporter.
 23266 | Gauntlet | Found a transporter.
 23276 | Gauntlet | Found a transporter.
 23280 | Gauntlet | Found a transporter.
 23284 | Gauntlet | Found a runed translucent door.
 23453 | Gauntlet | Reached skill level 2 in Evocations
 23887 | D:11     | Reached skill level 11 in Invocations
 24054 | D:11     | Lost mutation: You sometimes lose your temper in combat.
                  | [potion of mutation]
 24054 | D:11     | Lost mutation: Your muscles are strong. (Str +4, Int/Dex
                  | -1) [potion of mutation]
 24054 | D:11     | Gained mutation: You are partially covered in iridescent
                  | scales. (AC +2) [potion of mutation]
 24054 | D:11     | Gained mutation: You are clumsy. (Dex -2) [potion of
                  | mutation]
 24087 | D:11     | Noticed Erolcha
 24093 | D:11     | Killed Erolcha
 24093 | D:11     | Received a gift from Okawaru
 24117 | D:11     | Found Jeman's Antique Weapon Shop.
 24427 | D:12     | Reached skill level 3 in Evocations
 24704 | D:11     | Bought a shimmering great mace for 414 gold pieces
 24704 | D:11     | Identified the +4 great mace of Trog's Anger {flame, ^Drain
                  | Fly rF++ Dex+3} (You bought it in a shop on level 11 of the
                  | Dungeon)
 24746 | D:12     | Lost mutation: You occasionally lose the ability to drink
                  | potions when taking damage. [potion of mutation]
 24746 | D:12     | Lost mutation: You are clumsy. (Dex -2) [potion of
                  | mutation]
 24746 | D:12     | Gained mutation: You are mostly covered in iridescent
                  | scales. (AC +4) [potion of mutation]
 24746 | D:12     | Gained mutation: You are weak. (Str -2) [potion of
                  | mutation]
 24746 | D:12     | Lost mutation: You are weak. (Str -2) [potion of mutation]
 24762 | D:12     | Found Tipted's Tiny Tomes.
 24770 | D:12     | Learned a level 2 spell: Lesser Beckoning
 25137 | D:13     | Reached skill level 10 in Fighting
 25412 | D:13     | Reached skill level 15 in Maces & Flails
 25412 | D:13     | Reached skill level 4 in Evocations
 25412 | D:13     | Reached XP level 15. HP: 126/126 MP: 23/23
 25521 | D:13     | Received a gift from Okawaru
 26461 | D:14     | Received a gift from Okawaru
 26485 | D:14     | Reached skill level 5 in Evocations
 26491 | D:14     | Found a gate to the Vaults.
 26614 | D:14     | Found a glowing golden altar of the Shining One.
 26670 | D:14     | Found a large runed translucent door.
 26673 | D:14     | Found a large runed translucent door.
 26680 | D:14     | Noticed Ytheofip's ghost (journeyman FoFi)
 26695 | D:14     | Killed Ytheofip's ghost
 26985 | D:15     | Entered Level 15 of the Dungeon
 27233 | D:15     | Reached skill level 12 in Invocations
 27282 | D:15     | Found a staircase to the Depths.
 27286 | D:15     | Received a gift from Okawaru
 27759 | D:15     | Reached skill level 16 in Maces & Flails
 27763 | D:15     | Reached skill level 11 in Fighting
 28257 | Spider:1 | Entered Level 1 of the Spider Nest
 28318 | Spider:1 | Received a gift from Okawaru
 28572 | Spider:1 | Noticed Asterion
 28587 | Spider:1 | Killed Asterion
 28724 | Spider:1 | Noticed an emperor scorpion
 28737 | Spider:1 | Killed an emperor scorpion
 29180 | Spider:2 | Received a gift from Okawaru
 29222 | Spider:2 | Reached XP level 16. HP: 100/133 MP: 19/25
 29225 | Spider:2 | Reached skill level 6 in Shields
 29225 | Spider:2 | Reached skill level 13 in Invocations
 29413 | Spider:2 | Found a transporter.
 29431 | Spider:2 | Noticed Vubreenic's ghost (adept CeHu)
 29607 | Spider:2 | Reached skill level 7 in Shields
 29813 | Spider:2 | Received a gift from Okawaru
 29973 | Spider:2 | Reached skill level 8 in Shields
 29982 | Spider:2 | Reached skill level 12 in Fighting
 30117 | Spider:2 | Found a transporter.
 30974 | Spider:3 | Reached skill level 9 in Shields
 31092 | Spider:3 | Received a gift from Okawaru
 31246 | Spider:3 | Reached skill level 10 in Shields
 31510 | Spider:4 | Entered Level 4 of the Spider Nest
 31522 | Spider:4 | Reached skill level 14 in Invocations
 31530 | Spider:4 | Received a gift from Okawaru
 31606 | Spider:4 | Identified the +5 plate armour of the Exiled Planets
                  | {^Drain rF+ SInv}
 31740 | Spider:4 | Reached skill level 11 in Shields
 31992 | Spider:4 | Reached XP level 17. HP: 148/148 MP: 27/27
 32171 | Spider:4 | Reached skill level 12 in Shields
 32561 | Spider:4 | Received a gift from Okawaru
 32685 | Spider:4 | Reached skill level 13 in Shields
 32831 | Spider:4 | Got a gossamer rune of Zot
 33213 | Orc:2    | Bought a ring of see invisible for 210 gold pieces
 33466 | Swamp:1  | Entered Level 1 of the Swamp
 33466 | Swamp:1  | Noticed Aviak's ghost (adept GnIE)
 33466 | Swamp:1  | Found a transporter.
 33473 | Swamp:1  | Found a transporter.
 33473 | Swamp:1  | Noticed a tentacled monstrosity
 33617 | Swamp:1  | Noticed Frances
 33631 | Swamp:1  | Reached skill level 14 in Shields
 33637 | Swamp:1  | Killed Frances
 33700 | Swamp:1  | Received a gift from Okawaru
 34496 | Swamp:2  | Reached skill level 15 in Shields
 34511 | Swamp:2  | Found an ornate altar of the Wu Jian Council.
 35245 | Swamp:3  | Noticed Nikola
 35533 | Swamp:3  | Received a gift from Okawaru
 35534 | Swamp:3  | Reached skill level 16 in Shields
 35628 | Swamp:3  | Found a runed translucent door.
 35795 | Swamp:3  | Noticed night's ghost (adept DsAl)
 35828 | Swamp:3  | Killed night's ghost
 35969 | Swamp:4  | Entered Level 4 of the Swamp
 36598 | Swamp:4  | Received a gift from Okawaru
 37062 | Swamp:4  | Reached XP level 18. HP: 156/156 MP: 26/28
 37106 | Swamp:4  | Reached skill level 13 in Fighting
 37158 | Swamp:4  | Reached skill level 10 in Armour
 37309 | Swamp:4  | Reached skill level 6 in Throwing
 37438 | Swamp:4  | Got a decaying rune of Zot
 37575 | Arena    | Entered the Arena
 37586 | Arena    | Killed Aviak's ghost
 37606 | Swamp:1  | Identified the ring of Spring {rPois rC+ SInv}
 37763 | Arena    | Entered the Arena
 37769 | Arena    | Killed a tentacled monstrosity
 38368 | Lair:5   | Received a gift from Okawaru
 38415 | Lair:5   | Found a corrupted altar of Lugonu.
 38415 | Lair:5   | Found a one-way gate to the infinite horrors of the Abyss.
 38754 | Vaults:1 | Entered Level 1 of the Vaults
 38909 | Vaults:1 | Paralysed by a formless jellyfish for 1 turns
 38912 | Vaults:1 | Reached skill level 11 in Armour
 39076 | Vaults:1 | Reached skill level 7 in Throwing
 39261 | Vaults:1 | Identified the serpent talisman "Hox Ack" {*Corrode rN++
                  | Slay+2}
 39261 | Vaults:1 | Noticed Aizul
 39264 | Arena    | Entered the Arena
 39277 | Arena    | Killed Aizul
 39306 | Vaults:1 | Received a gift from Okawaru
 39551 | Vaults:1 | Found Oqorph's Weapon Emporium.
 39709 | Vaults:1 | Received a gift from Okawaru
 40487 | Vaults:2 | Reached XP level 19. HP: 166/166 MP: 29/29
 40567 | Vaults:2 | Received a gift from Okawaru
 41142 | Vaults:2 | Reached skill level 17 in Maces & Flails
 41205 | Vaults:2 | Reached skill level 12 in Armour
 41285 | Vaults:2 | Reached skill level 8 in Throwing
 41383 | Vaults:2 | Reached skill level 14 in Fighting
 41561 | Vaults:2 | Paralysed by a formless jellyfish for 1 turns
 41718 | Vaults:2 | Received a gift from Okawaru
 42625 | Vaults:3 | Reached skill level 17 in Shields
 42664 | Vaults:3 | Noticed Saint Roka
 42693 | Vaults:2 | Killed Saint Roka
 42768 | Vaults:3 | Received a gift from Okawaru
 42921 | Vaults:3 | Found a staircase to the Crypt.
 43012 | Vaults:3 | Reached skill level 15 in Invocations
 43561 | Vaults:3 | Received a gift from Okawaru
 44324 | Vaults:4 | Reached skill level 13 in Armour
 44343 | Vaults:4 | Reached skill level 9 in Throwing
 44525 | Vaults:4 | Reached XP level 20. HP: 176/176 MP: 31/31
 44662 | Vaults:4 | Reached skill level 18 in Shields
 44862 | Vaults:4 | Received a gift from Okawaru
 44965 | Vaults:4 | Identified the +1 dagger "Robrusogg" {protect, Str+6}
 45989 | Elf:1    | Entered Level 1 of the Elven Halls
 46677 | Elf:1    | Found a radiant altar of Vehumet.
 46685 | Elf:1    | Paralysed by an air elemental for 1 turns
 47210 | Depths:1 | Entered Level 1 of the Depths
 47210 | Depths:1 | Noticed a caustic shrike
 47234 | D:15     | Killed a caustic shrike
 47351 | D:15     | Received a gift from Okawaru
 47417 | D:15     | Reached skill level 15 in Fighting
 47477 | Depths:1 | Reached skill level 14 in Armour
 47576 | Depths:1 | Found a hazy altar of Hepliaklqana.
 47711 | Depths:1 | Reached skill level 19 in Shields
 48053 | Depths:1 | Noticed the Enchantress
 48060 | Depths:1 | Received a gift from Okawaru
 48120 | Depths:1 | Reached skill level 18 in Maces & Flails
 48146 | Depths:1 | Killed the Enchantress
 48247 | Depths:1 | Noticed Norris
 48261 | Depths:1 | Killed Norris
 48550 | Depths:1 | Found a gateway to Hell.
 49136 | Depths:2 | Identified the +1 leather armour of Negation {Will+}
 49154 | Depths:2 | Found a one-way gate leading to the halls of Pandemonium.
 49288 | Depths:2 | Noticed a juggernaut
 49388 | Depths:2 | Received a gift from Okawaru
 49389 | Depths:2 | Reached XP level 21. HP: 185/185 MP: 32/32
 49455 | Depths:2 | Killed a juggernaut
 49607 | Depths:2 | Found a one-way gateway to a ziggurat.
 49752 | Depths:2 | Reached skill level 15 in Armour
 49752 | Depths:2 | Reached skill level 20 in Shields
 50647 | Depths:3 | Received a gift from Okawaru
 51623 | Depths:3 | Noticed a caustic shrike
 51634 | Depths:3 | Killed a caustic shrike
 51926 | Depths:3 | Identified the +10 shortbow of Alathrus {drain, Stlth+}
 52103 | Depths:4 | Entered Level 4 of the Depths
 52162 | Depths:4 | Received a gift from Okawaru
 52379 | Depths:4 | Noticed a caustic shrike
 52379 | Depths:4 | Noticed a caustic shrike
 52382 | Depths:4 | Noticed a caustic shrike
 52382 | Depths:4 | Noticed a caustic shrike
 52383 | Depths:4 | Noticed a caustic shrike
 52390 | Depths:4 | Killed a caustic shrike
 52401 | Depths:4 | Killed a caustic shrike
 52407 | Depths:4 | Killed a caustic shrike
 52408 | Depths:4 | Reached skill level 16 in Fighting
 52425 | Depths:4 | Killed a caustic shrike
 52433 | Depths:4 | Killed a caustic shrike
 52510 | Depths:4 | Reached skill level 21 in Shields
 52600 | Depths:4 | Found a sparkling altar of Nemelex Xobeh.
 52654 | Depths:4 | Received a gift from Okawaru
 52779 | Depths:4 | Reached skill level 16 in Armour
 52927 | Depths:4 | Found Tagot's Jewellery Boutique.
 52928 | Depths:4 | Found Ineakus's Book Emporium.
 52931 | Depths:4 | Found Analastra's Jewellery Boutique.
 53229 | Depths:4 | Noticed a golden dragon
 53240 | Depths:4 | Killed a golden dragon
 53246 | Depths:4 | Noticed a golden dragon
 53258 | Depths:4 | Killed a golden dragon
 53374 | Depths:4 | Found a shimmering blue altar of Sif Muna.
 53422 | Depths:4 | Reached XP level 22. HP: 156/161 MP: 33/33
 53474 | Depths:4 | Noticed a golden dragon
 53487 | Depths:4 | Killed a golden dragon
 53489 | Depths:4 | Noticed a golden dragon
 53529 | Depths:4 | Killed a golden dragon
 53687 | Depths:4 | Received a gift from Okawaru
 53811 | Depths:4 | Noticed a golden dragon
 53822 | Depths:4 | Noticed a golden dragon
 53824 | Depths:4 | Killed a golden dragon
 53825 | Depths:4 | Reached skill level 19 in Maces & Flails
 53849 | Depths:4 | Killed a golden dragon
 53913 | Depths:4 | Noticed a golden dragon
 53999 | Depths:4 | Noticed a golden dragon
 54014 | Depths:4 | Killed a golden dragon
 54017 | Depths:4 | Noticed a golden dragon
 54153 | Depths:3 | Killed a golden dragon
 54268 | Depths:4 | Found a gate to the Realm of Zot.
 54316 | Depths:4 | Identified +0 pearl dragon scales
 54376 | Depths:4 | Killed a golden dragon
 54376 | Depths:4 | Received a gift from Okawaru
 54391 | Depths:4 | Reached skill level 22 in Shields
 54467 | Depths:4 | Identified the +0 robe "Sanuhany" {+Inv Fly rElec}
 54887 | Spider:2 | Killed Vubreenic's ghost
 55136 | Swamp:3  | Killed Nikola
 56310 | Elf:1    | Got the Tempter's Tome of Forbidden Fruit
 56559 | Elf:1    | Reached skill level 17 in Armour
 56945 | Elf:2    | Found a runed translucent gate.
 56945 | Elf:2    | Found a runed translucent gate.
 56945 | Elf:2    | Found a runed translucent gate.
 56980 | Elf:2    | Paralysed by an air elemental for 1 turns
 57053 | Elf:2    | Noticed Donald
 57065 | Elf:2    | Received a gift from Okawaru
 57070 | Elf:2    | Killed Donald
 57858 | Elf:3    | Entered Level 3 of the Elven Halls
 58129 | Elf:3    | Noticed Louise
 58129 | Elf:3    | Noticed Bai Suzhen
 58144 | Elf:3    | Killed Bai Suzhen
 58145 | Elf:3    | Reached skill level 17 in Fighting
 58154 | Elf:3    | Killed Louise
 58155 | Elf:3    | Received a gift from Okawaru
 58223 | Elf:3    | Found a shimmering blue altar of Sif Muna.
 58487 | Elf:3    | Reached XP level 23. HP: 198/198 MP: 34/34
 59045 | Elf:3    | Identified the +9 plate armour "Yleirigh" {Harm}
 59410 | Elf:3    | Identified the +6 great sword of the Eleven Friends {drain,
                  | rF+}
 59410 | Elf:3    | Identified the ring of Noon {^Drain rElec Will+ rCorr SInv}
 59434 | Elf:3    | Reached skill level 23 in Shields
 59451 | Elf:3    | Received a gift from Okawaru
 59527 | Elf:3    | Identified a scroll of acquirement
 59556 | Elf:3    | Reached skill level 18 in Armour
 59564 | Elf:3    | Identified the ring of Doubt {MP+9 EV+5}
 59575 | Elf:3    | Identified the +6 scimitar of Uskayaw's Benevolence
                  | {protect, rElec Str+3}
 59588 | Elf:3    | Identified the +9 demon trident "Qisuhudi" {venom, *Corrode
                  | rPois rN+}
 59743 | Elf:3    | Identified the +0 ring mail of Lethargy {*Corrode rPois
                  | rN+++ Dex-3}
 59747 | Elf:3    | Identified the staff "Veqa" {rPois rF+ Alchemy}
 60411 | Depths:3 | Acquired the +8 morningstar of Usausim {speed, rElec rPois
                  | rF+}
 60727 | Vaults:5 | Entered Level 5 of the Vaults
 60843 | Vaults:5 | Identified the +4 morningstar of Defence {freeze, rElec
                  | Int+3 Dex+2}
 60843 | Vaults:5 | Identified the ring "Itow Sist" {Fire Will+ Str+3 Int-2
                  | Dex+3}
 60966 | Vaults:5 | Reached skill level 7 in Translocations
 61010 | Vaults:5 | Received a gift from Okawaru
 61072 | Vaults:5 | Noticed an ancient lich
 61074 | Vaults:5 | Noticed an ancient lich
 61092 | Vaults:5 | Killed an ancient lich
 61102 | Vaults:5 | Killed an ancient lich
 61148 | Vaults:5 | Reached skill level 20 in Maces & Flails
 61216 | Vaults:5 | Reached skill level 8 in Translocations
 61231 | Vaults:5 | Identified the ring of the Fortune-Teller {rN+ Will+ SInv
                  | Stlth+}
 61257 | Vaults:5 | Received a gift from Okawaru
 61430 | Vaults:5 | Identified the +2 trident of Sharkskin {heavy, ^Fragile
                  | Int+2 Stlth+}
 61474 | Vaults:5 | Identified the +3 chain mail of Indomitability {*Slow rElec
                  | Str+2}
 61520 | Vaults:5 | Reached skill level 9 in Translocations
 61615 | Vaults:5 | Found Secutyiq's Armour Emporium.
 61721 | Vaults:5 | Received a gift from Okawaru
 61752 | Vaults:5 | Noticed an ancient lich
 61766 | Vaults:5 | Killed an ancient lich
 61814 | Vaults:5 | Reached XP level 24. HP: 212/216 MP: 25/34
 61893 | Vaults:5 | Noticed a dread lich
 61918 | Vaults:5 | Killed a dread lich
 61919 | Vaults:5 | Reached skill level 18 in Fighting
 62113 | Vaults:5 | Identified the amulet of the Forgotten Places {RegenMP
                  | Stlth+}
 62214 | Vaults:5 | Got a silver rune of Zot
 62245 | Vaults:5 | Reached skill level 19 in Armour
 62356 | Vaults:5 | Identified the +4 dagger "Yboch" {flame, rC+ rCorr SInv}
 62936 | Zot:1    | Entered Level 1 of the Realm of Zot
 63023 | Zot:2    | Gained mutation: Your magical capacity is low. (-10% MP)
                  | [mutagenic glow]
 63042 | Zot:2    | Gained mutation: Your body sometimes deteriorates upon
                  | taking damage. [mutagenic glow]
 63048 | Zot:1    | Gained mutation: You are vulnerable to heat. (rF-)
                  | [mutagenic glow]
 63049 | Zot:1    | Lost mutation: Your body sometimes deteriorates upon taking
                  | damage. [potion of mutation]
 63049 | Zot:1    | Lost mutation: You are mostly covered in iridescent scales.
                  | (AC +4) [potion of mutation]
 63049 | Zot:1    | Gained mutation: Your tail ends in a venomous barb. [potion
                  | of mutation]
 63159 | Zot:1    | Received a gift from Okawaru
 63396 | Zot:3    | Reached skill level 10 in Throwing
 63415 | Zot:4    | Noticed an orb of fire
 63423 | Zot:4    | Gained mutation: You are weak. (Str -2) [an orb of fire]
 63434 | Arena    | Entered the Arena
 63435 | Arena    | Gained mutation: You sometimes lose your temper in combat.
                  | [an orb of fire]
 63458 | Arena    | Killed an orb of fire
 63546 | Zot:4    | Received a gift from Okawaru
 63574 | Zot:5    | Entered Level 5 of the Realm of Zot
 63614 | Zot:4    | Reached skill level 24 in Shields
 63677 | Zot:5    | Gained mutation: You are frail. (-10% HP) [mutagenic glow]
 63977 | Zot:5    | Identified the +8 halberd of Beuphot {flame, Dex+4}
 64015 | Zot:4    | Reached skill level 11 in Throwing
 64156 | Zot:5    | Received a gift from Okawaru
 64650 | Zot:3    | Reached skill level 20 in Armour
 65633 | Zot:5    | Noticed an electric golem
 65634 | Zot:5    | Noticed an electric golem
 65645 | Zot:5    | Noticed an orb of fire
 65660 | Zot:5    | Noticed an orb of fire
 65674 | Zot:5    | Noticed an orb of fire
 65683 | Zot:5    | Killed an orb of fire
 65684 | Arena    | Entered the Arena
 65684 | Arena    | Gained mutation: Your spells are a little easier to cast,
                  | but a little less powerful. [an orb of fire]
 65700 | Arena    | Gained mutation: You occasionally shout uncontrollably at
                  | your foes. [an orb of fire]
 65712 | Arena    | Killed an orb of fire
 65713 | Arena    | Reached skill level 12 in Throwing
 65750 | Zot:5    | Gained mutation: Your body sometimes deteriorates upon
                  | taking damage. [an orb of fire]
 65755 | Zot:5    | Gained mutation: You are vulnerable to cold. (rC-) [an orb
                  | of fire]
 65756 | Zot:5    | Killed an orb of fire
 65757 | Zot:5    | Noticed an ancient lich
 65757 | Zot:5    | Noticed an ancient lich
 65764 | Zot:5    | Reached XP level 25. HP: 191/203 MP: 12/30
 65790 | Zot:5    | Killed an ancient lich
 65790 | Zot:5    | Received a gift from Okawaru
 65791 | Zot:5    | Reached skill level 21 in Maces & Flails
 65804 | Zot:5    | Killed an ancient lich
 65843 | Zot:5    | Killed an electric golem
 65852 | Zot:5    | Noticed a Killer Klown
 65862 | Zot:5    | Killed a Killer Klown
 65956 | Zot:5    | Noticed a Killer Klown
 65975 | Zot:5    | Killed a Killer Klown
 65975 | Zot:5    | Noticed an ancient lich
 65994 | Zot:5    | Killed an ancient lich
 66151 | Zot:5    | Reached skill level 19 in Fighting
 66242 | Zot:5    | Reached skill level 13 in Throwing
 66242 | Zot:5    | Noticed a curse toe
 66250 | Zot:5    | Killed a curse toe
 66365 | Zot:5    | Lost mutation: You are frail. (-10% HP) [potion of
                  | mutation]
 66365 | Zot:5    | Lost mutation: Your tail ends in a venomous barb. [potion
                  | of mutation]
 66365 | Zot:5    | Gained mutation: You are very vulnerable to heat. (rF--)
                  | [potion of mutation]
 66365 | Zot:5    | Gained mutation: You are resistant to electric shocks.
                  | (rElec) [potion of mutation]
 66366 | Zot:5    | Lost mutation: Your magical capacity is low. (-10% MP)
                  | [potion of mutation]
 66366 | Zot:5    | Lost mutation: Your body sometimes deteriorates upon taking
                  | damage. [potion of mutation]
 66366 | Zot:5    | Lost mutation: You are vulnerable to cold. (rC-) [potion of
                  | mutation]
 66366 | Zot:5    | Lost mutation: You are weak. (Str -2) [potion of mutation]
 66366 | Zot:5    | Gained mutation: You have an increased reservoir of magic.
                  | (+10% MP) [potion of mutation]
 66378 | Zot:5    | Received a gift from Okawaru
 66429 | Zot:5    | Got the Orb of Zot
 66535 | Zot:5    | Killed an electric golem
 67170 | D:$      | Escaped with the Orb!

Vanquished Creatures
  A dread lich (Vaults:5)
  6 ancient liches
  4 orbs of fire
  A juggernaut (Depths:2)
  2 Killer Klowns (Zot:5)
  Bai Suzhen (Elf:3)
  7 caustic shrikes
  Saint Roka (Vaults:2)
  A curse toe (Zot:5)
  17 golden dragons
  Nikola (Swamp:3)
  Norris (Depths:1)
  A profane servitor (D:10)
  the Enchantress (Depths:1)
  2 electric golems (Zot:5)
  13 tentacled monstrosities
  A hellephant (Zot:5)
  3 deep elf blademasters
  Asterion (Spider:1)
  A Hell Sentinel (D:9)
  4 quicksilver dragons
  26 Orb Guardians (Zot:5)
  4 titans (Vaults:5)
  6 sphinxes
  5 liches
  2 deep elf master archers (Elf:3)
  The ghost of Vubreenic the Markscentaur, an adept CeHu of Okawaru (Spider:2)
  5 death cobs
  Frances (Swamp:1)
  4 thorn hunters
  10 shadow dragons
  The ghost of Aviak the Timeless, an adept GnIE of Cheibriados (Arena)
  2 tengu reavers
  11 storm dragons
  2 azure jellies (Swamp:4)
  Donald (Elf:2)
  4 draconian monks (Depths:4)
  A protean progenitor (Zot:4)
  Aizul (Arena)
  15 fire giants
  The ghost of night the Warrior, an adept DsAl of Hepliaklqana (Swamp:3)
  A fenstrider witch (Swamp:1)
  3 deep elf sorcerers (Elf:3)
  6 frost giants
  4 emperor scorpions
  4 draconian knights
  3 draconian shifters (Zot:4)
  A balrug (D:10)
  3 draconian scorchers
  An iron dragon (Depths:4)
  5 deep elf elementalists
  6 ghost moths
  Louise (Elf:3)
  17 vault wardens
  4 broodmothers
  A reaper (D:10)
  7 draconian annihilators
  3 ghouls (Swamp:4)
  5 draconian stormcallers
  19 stone giants
  The ghost of Ytheofip the Cleaver, a journeyman FoFi of Okawaru (D:14)
  20 ironbound preservers
  3 spriggan defenders (Depths:1)
  A broodmother (shapeshifter) (Depths:2)
  9 green draconians
  12 very ugly things
  2 formless jellyfish
  4 ironbound thunderhulks
  2 vampire knights
  10 red draconians
  An eleionoma (Lair:2)
  2 lorocyprocas (Zot:5)
  A demonspawn black sun (Zot:5)
  6 yellow draconians
  4 deep elf demonologists (Elf:3)
  9 deep elf death magi (Elf:3)
  13 white draconians
  10 black draconians
  4 bunyips
  8 dire elephants
  A minotaur (Gauntlet)
  5 war gargoyles
  11 purple draconians
  5 deep elf annihilators
  12 spark wasps
  2 crystal guardians (Vaults:3)
  A green death (D:12)
  10 entropy weavers
  10 ettins
  A fire dragon (shapeshifter) (Vaults:5)
  9 yaktaur captains
  9 great orbs of eyes
  7 deep elf high priests
  3 jiangshi (Depths:1)
  13 fire dragons
  4 rakshasas
  26 vault guards
  Erolcha (D:11)
  A ghost crab (Swamp:3)
  3 peacekeepers
  7 spriggan air magi
  21 centaur warriors
  6 alligators
  7 hydras
  8 ice dragons
  6 ogre magi
  11 two-headed ogres
  2 catoblepae
  4 ironbound frosthearts
  2 jorogumos (Spider:2)
  A death scarab (Spider:2)
  14 boulder beetles
  3 death knights
  8 radroaches
  Erica (D:11)
  The ghost of zkyp the Cleaver, a novice BaBe of Trog (D:8)
  3 vampire magi
  4 deep troll earth magi
  10 death yaks
  24 dancing weapons
  Urug (Orc:1)
  2 thrashing horrors (Lair:5)
  2 deep troll shamans
  9 tengu warriors
  An occultist (D:15)
  5 spriggan berserkers
  4 hell knights
  A fire crab (shapeshifter) (Vaults:1)
  4 demonic crawlers
  6 iron trolls
  4 sun demons (D:10)
  13 deep elf knights
  6 skeletal warriors
  6 skysharks
  4 goliath frogs
  2 cherubim (Elf:1)
  53 deep trolls
  7 orb spiders
  2 death drakes (Depths:4)
  2 sun moths (Spider:2)
  4 pharaoh ants
  A shadow demon (D:5)
  5 swamp dragons
  6 spriggan druids
  A salamander mystic (Depths:2)
  A sea snake (shapeshifter) (Vaults:5)
  7 glowing orange brains
  A phantasmal warrior (Vaults:5)
  2 flayed ghosts
  A sun moth (shapeshifter) (Depths:3)
  A glowing orange brain (shapeshifter) (Depths:2)
  A lindwurm (Vaults:2)
  9 arcanists
  Pikel (D:4)
  6 bog bodies
  5 necromancers
  26 ironbound convokers
  4 harpies (Vaults:1)
  10 deep elf archers
  2 golden dragon skeletons (Depths:2)
  19 deep elf zephyrmancers
  5 steelbarb worms
  22 wolf spiders
  32 deep elf pyromancers
  5 manticores
  9 orc sorcerers
  5 orc knights
  5 will-o-the-wisps
  A tengu skeleton (Depths:2)
  22 ugly things
  7 cyclopes
  2 oklob plants
  11 moths of wrath
  3 salamanders
  3 black mambas
  A kobold blastminer (Orc:1)
  5 meliai
  10 elephants
  A frost giant skeleton (Depths:2)
  6 torpor snails
  3 smoke demons
  2 eyes of devastation (shapeshifter)
  2 ice statues (IceCv)
  Joseph (D:8)
  23 vault sentinels
  A water nymph (D:15)
  10 cane toads
  4 centaur skeletons (D:14)
  2 gargoyles
  Jeremiah (D:8)
  3 unseen horrors
  7 freezing wraiths
  24 yaktaurs
  5 large abominations
  6 rime drakes
  A kobold demonologist (D:12)
  13 komodo dragons
  6 tengu conjurers
  Psyche (D:8)
  A spark wasp simulacrum (Depths:2)
  2 bloated husks
  2 trolls (shapeshifter) (Lair:5)
  A polar bear (Lair:5)
  17 tyrant leeches
  2 red devils
  11 hornets
  A hornet (shapeshifter) (D:15)
  9 trolls
  A tarantella (shapeshifter) (Depths:3)
  40 tarantellas
  28 blink frogs
  3 raiju (Lair:5)
  2 glass eyes
  24 yaks
  29 jumping spiders
  8 shadows
  20 slime creatures
  10 spriggans
  4 air elementals
  3 wyverns
  A hog (shapeshifter) (Depths:3)
  A spriggan skeleton (Depths:2)
  A centaur simulacrum (D:11)
  21 culicivoras
  2 vampires
  2 ynoxinuls (Lair:5)
  3 water elementals
  4 wraiths
  A golden eye (D:5)
  3 fire elementals
  Grum (D:8)
  62 redbacks
  5 swamp worm simulacra (Swamp:4)
  6 vampire mosquitoes
  4 basilisks
  3 steam dragons
  2 wargs (Orc:2)
  2 redbacks (shapeshifter)
  Menkaure (D:4)
  3 chaos spawn
  A neqoxec (Depths:2)
  17 small abominations
  14 swamp worms
  17 hydra simulacra (Swamp:4)
  2 acid dragons
  12 water moccasins
  A glowing shapeshifter skeleton (Depths:2)
  6 swamp drakes
  2 ice beasts (D:9)
  12 orc warriors
  A sky beast (D:7)
  3 black bears
  2 laughing skulls (D:13)
  19 ogres
  4 boggarts (Vaults:1)
  22 wolves
  A centaur (shapeshifter) (Lair:5)
  A phantom (D:6)
  7 centaurs
  15 bullfrogs
  4 kobold brigands
  2 necrophages (Swamp:4)
  4 gnoll sergeants
  15 scorpions
  A cane toad simulacrum (IceCv)
  6 wights
  10 killer bees
  An oklob sapling (D:11)
  7 howler monkeys
  2 electric eels
  4 crimson imps (Gauntlet)
  2 bombardier beetles
  A jelly (D:6)
  5 hounds
  22 orc priests
  A gnoll bouda (D:6)
  Natasha (thrice) (D:4)
  2 iguanas
  2 sleepcaps
  44 orc wizards
  5 scorpion zombies (Ossuary)
  A polar bear simulacrum (IceCv)
  A wolf simulacrum (IceCv)
  3 mummies (Ossuary)
  Robin (D:3)
  14 adders
  9 gnolls
  2 shadow imps (Gauntlet)
  17 white imps
  3 swamp drake simulacra (Swamp:4)
  3 adder zombies (Ossuary)
  A dart slug (D:5)
  A ribbon worm (D:3)
  82 orcs
  4 endoplasms
  9 giant cockroaches
  A gnoll zombie (Ossuary)
  17 goblins
  9 hobgoblins
  6 jackals
  22 kobolds
  5 quokkas
  16 ball pythons
  8 bats
  A frilled lizard (D:1)
  A jackal zombie (Ossuary)
  5 orc zombies (Ossuary)
  11 rats
2084 creatures vanquished.

Vanquished Creatures (others)
  A ghost moth (Zot:2)
  A war gargoyle (Vaults:5)
  A purple draconian (Depths:4)
  A vampire mage (Depths:1)
  A shock serpent (Zot:2)
  A deep elf knight (Elf:3)
  A deep elf pyromancer (Elf:1)
  A deep elf zephyrmancer (Elf:1)
  A bloated husk (Swamp:2)
  An air elemental (Zot:2)
  22 foxfires
32 creatures vanquished.

Grand Total: 2116 creatures vanquished

Table legend: (Time is in decaauts)
 A = Elapsed time spent in this place.
 B = Non-inter-level travel time spent in this place.
 C = Inter-level travel time spent in this place.
 D = Time resting spent in this place.
 E = Time spent auto-exploring this place.
 F = Levels seen in this place.
 G = Mean time per level.
                   A        B        C        D        E       F      G
               +--------+--------+--------+--------+--------+-----+--------+
         Total |  70305 |  57986 |  12319 |   9308 |  33247 |  56 | 1255.4 |
       Dungeon |  20362 |  15373 |   4989 |   1241 |  10493 |  15 | 1357.5 |
        Temple |     36 |      2 |     34 |      0 |      0 |   1 |   36.0 |
          Lair |   9317 |   8036 |   1281 |   1227 |   5112 |   5 | 1863.4 |
         Swamp |   5086 |   4636 |    450 |   1120 |   2446 |   4 | 1271.5 |
   Spider Nest |   5227 |   4604 |    623 |    879 |   2567 |   4 | 1306.8 |
  Orcish Mines |   3358 |   2355 |   1003 |    461 |   1166 |   2 | 1679.0 |
   Elven Halls |   4529 |   4209 |    320 |    823 |   2256 |   3 | 1509.7 |
        Vaults |   9960 |   8469 |   1491 |   1630 |   4555 |   5 | 1992.0 |
        Depths |   8317 |   6782 |   1535 |   1210 |   3788 |   4 | 2079.2 |
           Zot |   2832 |   2243 |    589 |    596 |    382 |   5 |  566.4 |
       Ossuary |    488 |    488 |      0 |      3 |    161 |   1 |  488.0 |
      Ice Cave |    183 |    183 |      0 |      0 |    111 |   1 |  183.0 |
      Gauntlet |    494 |    494 |      0 |     80 |    208 |   1 |  494.0 |
         Arena |    111 |    111 |      0 |     33 |      0 |   5 |   22.2 |
               +--------+--------+--------+--------+--------+-----+--------+

Top non-repeatable levels by time:
  Lair:1: 2731 daAuts
Depths:4: 2620 daAuts
Vaults:1: 2232 daAuts
Vaults:2: 2212 daAuts
   Orc:2: 2180 daAuts
   Elf:3: 2165 daAuts
     D:9: 2114 daAuts
  Lair:5: 2064 daAuts
Vaults:3: 2062 daAuts
Depths:2: 1985 daAuts
Depths:1: 1944 daAuts
Vaults:5: 1874 daAuts
  Lair:3: 1835 daAuts
     D:4: 1801 daAuts
Depths:3: 1766 daAuts

Table legend:
 A = Non-vault XP
 B = Vault XP
 C = Vault XP percentage of total XP
 D = Non-vault monster count
 E = Vault monster count
 F = Vault count percentage of total count
                 A         B        C        D         E       F
            +---------+---------+-------+---------+---------+-------
      Total |  608817 |  609235 |  50.0 |    1235 |     834 |  40.3
            +---------+---------+-------+---------+---------+-------
        D:1 |      41 |       0 |   0.0 |      26 |       0 |   0.0
        D:2 |      48 |       7 |  12.7 |      22 |       4 |  15.4
        D:3 |     112 |      35 |  23.8 |      18 |      11 |  37.9
        D:4 |     409 |     901 |  68.8 |      20 |       7 |  25.9
        D:5 |     760 |       0 |   0.0 |      22 |       0 |   0.0
        D:6 |     761 |     638 |  45.6 |      19 |      12 |  38.7
        D:7 |     987 |       0 |   0.0 |      31 |       0 |   0.0
        D:8 |    2080 |    2635 |  55.9 |      24 |       9 |  27.3
        D:9 |    1538 |    1700 |  52.5 |      25 |      23 |  47.9
       D:10 |    2264 |       0 |   0.0 |      17 |       0 |   0.0
       D:11 |    4155 |    3223 |  43.7 |      12 |      22 |  64.7
       D:12 |    9249 |       0 |   0.0 |      30 |       0 |   0.0
       D:13 |    7535 |       0 |   0.0 |      14 |       0 |   0.0
       D:14 |    9562 |    8818 |  48.0 |      17 |      19 |  52.8
       D:15 |   12512 |   20144 |  61.7 |      19 |      24 |  55.8
     Lair:1 |    6777 |    1433 |  17.5 |      23 |      18 |  43.9
     Lair:2 |    2657 |    1797 |  40.3 |      15 |       5 |  25.0
     Lair:3 |    7599 |     527 |   6.5 |      22 |       1 |   4.3
     Lair:4 |   12182 |       0 |   0.0 |      30 |       0 |   0.0
     Lair:5 |   11897 |   10441 |  46.7 |      35 |      38 |  52.1
    Swamp:1 |   11423 |    7527 |  39.7 |      27 |       8 |  22.9
    Swamp:2 |    9898 |       0 |   0.0 |      22 |       0 |   0.0
    Swamp:3 |   11134 |    3679 |  24.8 |      21 |       2 |   8.7
    Swamp:4 |   15285 |    9152 |  37.5 |      24 |      36 |  60.0
   Spider:1 |   11063 |    2016 |  15.4 |      30 |       2 |   6.2
   Spider:2 |   25096 |    9778 |  28.0 |      68 |      11 |  13.9
   Spider:3 |   17221 |    7816 |  31.2 |      42 |      14 |  25.0
   Spider:4 |   16546 |   19247 |  53.8 |      41 |      39 |  48.8
      Orc:1 |    3859 |     808 |  17.3 |      38 |       1 |   2.6
      Orc:2 |    3602 |    7906 |  68.7 |      33 |      38 |  53.5
      Elf:1 |    8045 |    9384 |  53.8 |      14 |      15 |  51.7
      Elf:2 |   12263 |   22604 |  64.8 |      21 |      28 |  57.1
      Elf:3 |   22714 |   34836 |  60.5 |      35 |      29 |  45.3
   Vaults:1 |   27983 |   23566 |  45.7 |      39 |      33 |  45.8
   Vaults:2 |   19506 |   20353 |  51.1 |      33 |      28 |  45.9
   Vaults:3 |   31138 |   19956 |  39.1 |      44 |      31 |  41.3
   Vaults:4 |   19979 |   22299 |  52.7 |      28 |      29 |  50.9
   Vaults:5 |   10198 |  114034 |  91.8 |      14 |      91 |  86.7
   Depths:1 |   23780 |   16426 |  40.9 |      28 |      16 |  36.4
   Depths:2 |   33755 |   21913 |  39.4 |      42 |      19 |  31.1
   Depths:3 |   12918 |   17216 |  57.1 |      13 |      27 |  67.5
   Depths:4 |   42634 |   65261 |  60.5 |      35 |      51 |  59.3
      Zot:1 |    6964 |       0 |   0.0 |       6 |       0 |   0.0
      Zot:2 |   13849 |       0 |   0.0 |      12 |       0 |   0.0
      Zot:3 |   23383 |       0 |   0.0 |      21 |       0 |   0.0
      Zot:4 |   41601 |       0 |   0.0 |      35 |       0 |   0.0
      Zot:5 |   35414 |   84575 |  70.5 |      27 |      38 |  58.5
    Ossuary |       0 |    1165 | 100.0 |       0 |      29 | 100.0
      IceCv |       0 |    1942 | 100.0 |       0 |       7 | 100.0
   Gauntlet |       0 |    4028 | 100.0 |       0 |      15 | 100.0
      Arena |    4441 |    9449 |  68.0 |       1 |       4 |  80.0
            +---------+---------+-------+---------+---------+-------
